Unix NetHack Version 5.0.0-0 post-release - last build May 23 2026 06:08:33 (1c0ff79ee797540d5714e4e18072db0edd9e58ae,branch:main).

Game began 2026-05-25 00:32:46, ended 2026-05-25 00:50:48.

Jobair, neutral female human Tourist

                           ------
                           |...G-
                           ....@|
                           |$.<.|
                           |....|
                           ----.-

Jobair the Sightseer        St:14 Dx:12 Co:14 In:15 Wi:7 Ch:14  Neutral
Dlvl:5  $:440 HP:0(24) Pw:7(7) AC:10 Xp:3 T:2126 

Latest messages:
 You finish eating the food ration.
 You find a hidden passage.
 Where do you want to travel to?
 (For instructions type a '?')
 You swap places with the peaceful kitten.
 You find a hidden door.
 The door resists!
 The door resists!
 The door resists!
 The door opens.
 Really step onto that falling rock trap? [yn] (n) n
 In what direction? 4
 The door closes.
 In what direction? 4
 Whammm!!
 In what direction? 4
 Thwack!!
 In what direction? 4
 Whammm!!
 In what direction? 4
 Whammm!!
 You hear someone cursing shoplifters.
 In what direction? 4
 Whammm!!
 In what direction? 4
 As you kick the door, it crashes open!
 In what direction? 7
 The door closes.
 In what direction? 7
 Whammm!!
 In what direction? 7
 As you kick the door, it crashes open!
 You descend the stairs.
 The gnome lord hits!
 You miss the gnome lord.
 The gnome lord hits!
 You hear a door open.
 You miss the gnome lord.
 The gnome lord hits!
 You miss the gnome lord.
 You hit the gnome lord.
 The gnome lord hits!
 You miss the gnome lord.
 The gnome lord hits!
 You die...
 Do you want your possessions identified? [ynq] (y) y
 Do you want to see your attributes? [ynq] (y) y
 Do you want an account of creatures vanquished? [ynaq] (y) y
 Do you want to see your conduct and achievements? [ynq] (y) y
 Do you want to see the dungeon overview? [ynq] (y) y

Inventory:
 Coins    ('$')
  $ - 440 gold pieces
 Weapons  (')')
  a - 25 +2 darts (at the ready)
  H - a +0 long sword (weapon in right hand)
 Comestibles  ('%')
  d - 4 uncursed food rations
  c - 2 uncursed tripe rations
  L - a cursed rotten tin of orc meat
 Scrolls  ('?')
  J - a blessed scroll of identify
  I - 2 uncursed scrolls of identify
  i - 4 uncursed scrolls of magic mapping
 Potions  ('!')
  h - 2 uncursed potions of extra healing
 Tools    ('(')
  l - an uncursed credit card
  k - an expensive camera (0:93)
  t - a cursed oil lamp

Jobair the Tourist's attributes:

Background:
 You were a Sightseer, a level 3 female human Tourist.
 You were neutral, on a mission for The Lady
 who was opposed by Blind Io (lawful) and Offler (chaotic).
 You were right-handed.
 You were in the Dungeons of Doom, on level 5.
 You entered the dungeon 2126 turns ago.
 It was the midnight hour.
 You had 68 experience points, 12 more were needed to attain level 4.

Basics:
 You had 0 out of 24 hit points.
 You had all 7 energy points (spell power).
 Your armor class was 10.
 Your wallet contained 440 zorkmids.
 Autopickup was off.

Final Characteristics:
 Your strength was 14 (limit:18/100).
 Your dexterity was 12 (limit:18).
 Your constitution was 14 (limit:18).
 Your intelligence was 15 (limit:18).
 Your wisdom was 7 (limit:18).
 Your charisma was 14 (limit:18).

Final Status:
 You weren't hungry.
 You were unencumbered.
 You were wielding a long sword.
 You were unskilled in long sword.
 You weren't wearing any armor.

Final Attributes:
 You were nominally aligned.
 You were telepathic.
 You are dead.

Miscellaneous:
 You didn't encounter any bones levels.
 Total elapsed playing time was 17 minutes and 57 seconds.

Major events:
 Turn
    1: Jobair the neutral female human Tourist entered the dungeon
 1640: attained the rank of Sightseer (level 3)
 2126: killed by a gnome lord

You didn't know any spells.

Skills:
 Fighting Skills
   bare handed combat [Unskilled]
   two weapon combat  [Unskilled]
   riding             [Unskilled]
 Weapon Skills
   dagger             [Unskilled]
   knife              [Unskilled]
   axe                [Unskilled]
   pick-axe           [Unskilled]
   short sword        [Unskilled]
   broadsword         [Unskilled]
   long sword         [Unskilled]
   two-handed sword   [Unskilled]
   saber              [Unskilled]
   mace               [Unskilled]
   morning star       [Unskilled]
   flail              [Unskilled]
   hammer             [Unskilled]
   quarterstaff       [Unskilled]
   polearms           [Unskilled]
   spear              [Unskilled]
   trident            [Unskilled]
   lance              [Unskilled]
   bow                [Unskilled]
   sling              [Unskilled]
   crossbow           [Unskilled]
   dart               [Basic]
   shuriken           [Unskilled]
   boomerang          [Unskilled]
   whip               [Unskilled]
   unicorn horn       [Unskilled]
 Spellcasting Skills
   divination spells  [Unskilled]
   enchantment spells [Unskilled]
   escape spells      [Unskilled]

Voluntary challenges:
 Character rerolling was not enabled.
 You were illiterate.
 You never genocided any monsters.
 You never polymorphed an object.
 You never changed form.
 You used no wishes.
Achievements:
 You entered a shop.
 You attained the rank of Sightseer.

 The Dungeons of Doom: levels 1 to 5
    Level 1:
    Level 2:
       Many altars.
    Level 3:
       A general store, a sink.
    Level 4:
       A scroll shop, a fountain.
    Level 5: <- You were here.
       Final resting place for
          you, killed by a gnome lord.


Vanquished creatures:
  2 shriekers
  2 floating eyes
  2 kittens
  2 iguanas
 an acid blob
  a green mold
  4 jackals
  2 foxes
  a kobold
  a goblin
  5 grid bugs
  4 lichens
  2 kobold zombies
  4 newts
33 creatures vanquished.

No species were genocided or became extinct.

Game over:
                       ----------
                      /          \
                     /    REST    \
                    /      IN      \
                   /     PEACE      \
                  /                  \
                  |      Jobair      |
                  |      440 Au      |
                  |   killed by a    |
                  |    gnome lord    |
                  |                  |
                  |                  |
                  |       2026       |
                 *|     *  *  *      | *
        _________)/\\_//(\/(/\)/\//\/|_)_______

Aloha Jobair the Tourist...

You died in The Dungeons of Doom on dungeon level 5 with 472 points,
and 440 pieces of gold, after 2126 moves.
You were level 3 with a maximum of 24 hit points when you died.

